 Dungeon Crawl Stone Soup version 0.27.1 (webtiles) character file.

Game seed: 2261939309082642714

11099 VictoriousLee the Cleaver (level 11, -8/90 HPs)
             Began as a Deep Dwarf Necromancer on Aug 23, 2021.
             Was a Believer of Makhleb.
             Mangled by Rupert (32 damage)
             ... on level 14 of the Dungeon on Aug 24, 2021.
             The game lasted 01:33:38 (12376 turns).

VictoriousLee the Cleaver (Deep Dwarf Necromancer) Turns: 12376, Time: 01:33:38

Health: -8/90      AC: 14    Str: 13    XL:     11   Next: 44%
Magic:  4/9        EV: 10    Int: 18    God:    Makhleb [**....]
Gold:   484        SH:  3    Dex: 13    Spells: 11/16 levels left

rFire    . . .     SeeInvis +   M - +3 hand axe (freeze)
rCold    + . .     Faith    .   V - +0 buckler
rNeg     . . .     Spirit   .   D - +0 ring mail {rC+}
rPois    .         Reflect  .   (no helmet)
rElec    .         Harm     .   b - +0 cloak
rCorr    .         Rampage  .   G - +1 pair of gloves
Will     +....                  H - +1 pair of boots
Stlth    +.........             (no amulet)
HPRegen  0.00/turn              F - ring of see invisible
MPRegen  0.11/turn              Q - +4 ring of protection

@: brilliant
A: damage resistance, heal wounds, sense surroundings 2, no regeneration
a: Heal Wounds, Renounce Religion, Minor Destruction


You were on level 14 of the Dungeon.
You worshipped Makhleb.
Makhleb was pleased with you.
You visited 2 branches of the dungeon, and saw 13 of its levels.

You collected 562 gold pieces.
You spent 78 gold pieces at shops.

Inventory:

Hand Weapons
 e - a +0 hand crossbow
 h - a +3 spear of venom
 o - a +0 flail of holy wrath
 p - a +2 whip of pain
 q - a +2 hand axe of electrocution
 w - a +0 war axe
 B - a +0 morningstar
 E - a +0 whip of flaming
 M - a +3 hand axe of freezing (weapon)
 N - a +3 vorpal war axe
 P - a +1 vorpal flail
 S - a +2 battleaxe
Missiles
 d - 3 javelins
 g - 83 sling bullets
 j - 52 poisoned darts
 k - 238 stones
 m - 7 boomerangs
 z - 46 bolts
 C - 5 atropa-tipped darts
 O - a throwing net
 U - 2 curare-tipped darts
Armour
 b - a +0 cloak (worn)
 s - a +0 ring mail
 v - a +0 ring mail
 x - a +0 leather armour
 y - a +0 scale mail
 A - a +0 kite shield
 D - a +0 ring mail of cold resistance (worn)
 G - a +1 pair of gloves (worn)
 H - a +1 pair of boots (worn)
 I - the +1 tower shield "Otoad" {Int+4}
   (You found it on level 5 of the Dungeon)

   Int:       It affects your intelligence (+4).
 L - a +0 troll leather armour
 V - a +0 buckler (worn)
Jewellery
 F - a ring of see invisible (left hand)
 Q - a +4 ring of protection (right hand)
Wands
 a - a wand of paralysis (5)
 f - a wand of digging (7)
 J - a wand of iceblast (26)
Scrolls
 i - 2 scrolls of enchant weapon
 l - 3 scrolls of identify
 T - a scroll of enchant armour
Potions
 c - 2 potions of curing
 n - 3 potions of flight
 u - 2 potions of mutation
 R - a potion of brilliance


   Skills:
 + Level 3.3 Fighting
 - Level 14.0 Axes
 - Level 3.0 Dodging
 - Level 2.4 Stealth
 - Level 3.0 Spellcasting
 - Level 10.5 Necromancy
 + Level 9.2 Invocations


You had 11 spell levels left.
You knew the following spells:

 Your Spells              Type           Power      Damage    Failure   Level
a - Animate Skeleton      Necr           100%       N/A       1%          1
d - Vampiric Draining     Necr           28%        2d10      2%          3
s - Pain                  Necr           100%       1d9       1%          1

Your spell library contained the following spells:

 Spells                   Type           Power      Damage    Failure   Level
 Animate Dead             Necr           28%        N/A       8%          4
 Agony                    Necr           57%        N/A       22%         5
 Static Discharge         Conj/Air       4%         N/A       65%         2
 Call Canine Familiar     Summ           4%         N/A       87%         3
 Portal Projectile        Hex/Tloc       8%         N/A       87%         3
 Leda's Liquefaction      Hex/Erth       2%         N/A       99%         4
 Lightning Bolt           Conj/Air       2%         1d13      100%        5
 Borgnjor's Revivificati  Necr           28%        N/A       100%        8
 Maxwell's Capacitive Co  Air            2%         ∞         100%        8
 Necromutation            Tmut/Necr      16%        N/A       100%        8
 Death's Door             Necr           28%        N/A       100%        9


Dungeon Overview and Level Annotations

Branches:
Dungeon (11/15)            Temple (1/1) D:4            Lair (0/6) D:9
    Orc: D:9-12

Altars:
Ashenzari
Cheibriados
Dithmenos
Elyvilon
Fedhas
Gozag
Hepliaklqana
Kikubaaqudgha
Makhleb
Nemelex Xobeh
Okawaru
Qazlal
Ru
Sif Muna
Trog
Uskayaw
Vehumet
Wu Jian
Xom
Yredelemnul
Zin
The Shining One

Shops:
D:8 ?

Annotations:
D:3 exclusion: door
D:4 Natasha
D:14 Rupert


Innate Abilities, Weirdness & Mutations

You are resistant to damage.
You can heal yourself by infusing magical energy.
You passively map the area around you.
You do not regenerate.


Message History

a +0 longbow; 20 arrows The centaur wields a +0 shortbow.
The centaur shoots an arrow.
The arrow hits you.
Things that are here:
a +0 shortbow; 11 arrows; a centaur corpse A human comes into view.
A centaur warrior comes into view.
A human and Rupert come into view.
Rupert is wielding a +0 great mace of protection.
Rupert shouts!
The human shouts!
The centaur warrior shouts!
You hear a shout! x2
A centaur comes into view.
The centaur moves out of view.
A boulder beetle comes into view.
The human shouts! x2
You hit the human. You freeze the human.
The human is moderately wounded.
You closely miss the human.
You hear a shout!
The human hits you but does no damage. x2
Rupert roars madly and goes into a rage!
Rupert goes berserk!
The human barely misses you. The human hits you. The centaur warrior hits you.
The centaur warrior closely misses you.
The centaur unwields a +0 shortbow.
The centaur misses you. You block the centaur's attack.
The boulder beetle curls into a ball and begins rolling!
The human misses you. The human barely misses you.
You hear a shout!
The centaur hits you but does no damage.
The centaur barely misses you.
A human comes into view.
The human hits you but does no damage.
The centaur warrior wields a +0 shortbow.
The centaur warrior shoots an arrow.
The arrow hits you!
* * * LOW HITPOINT WARNING * * *
You block the centaur's attack. The centaur kicks you.
* * * LOW HITPOINT WARNING * * *
The centaur misses you. The centaur barely misses you.
Rupert rages.
Rupert hits you with a +0 great mace of protection!!
You die...

.......c , , * , , ,
..cp... * * * , *
,...°... , , , ,
...°##.###### **, * *
, #.○...#... , , , , *
#°###.#.# , * **, ,,
#°......# , * * , ..##
#Bp##...# , ,
..?..#####.p.#@..#
#...p.D.pc@...# , *
,,####.###p.c.).# . ,
,* #.###.##..## ##..
,, *
#.##..##..#####.... ,,
#.)))............., *
####.###......#######.
#.#####............. *
#.# #.....p......... *


You could see Rupert (berserk), an eight-headed hydra, a centaur warrior, 3
humans and a centaur.

Vanquished Creatures
  A hydra (D:11)
  2 two-headed ogres
  3 centaur warriors (D:14)
  Sonja (D:10)
  Pikel (D:4)
  A komodo dragon (D:9)
  A troll (D:10)
  A centaur simulacrum (D:14)
  A wraith (D:10)
  5 yaks
  7 humans (D:14)
  3 vampire mosquitoes (D:11)
  Menkaure (D:5)
  2 steam dragons (D:9)
  A water moccasin (D:8)
  Duvessa (D:4)
  An orc warrior (D:10)
  3 ice beasts
  3 ogres
  6 centaurs
  A lemure (D:4)
  3 kobold brigands
  2 bullfrogs
  3 scorpions
  Dowan (D:4)
  A water moccasin skeleton (D:6)
  5 killer bees (D:9)
  10 wights
  2 centaur zombies
  Crazy Yiuf (D:5)
  A jelly (D:5)
  4 orc priests
  3 iguanas
  A centaur skeleton (D:6)
  Ijyb (D:5)
  Natasha (twice) (D:4)
  4 orc wizards
  5 adders
  8 gnolls
  A shadow imp (D:7)
  2 white imps
  An ufetubus (D:5)
  2 worms
  5 dart slugs
  8 orcs
  10 ball pythons
  6 endoplasms
  2 giant cockroaches
  4 goblins
  9 hobgoblins
  3 jackals (D:3)
  17 kobolds
  3 quokkas
  5 bats
  5 frilled lizards
  5 rats
191 creatures vanquished.

Vanquished Creatures (collateral kills)
  A shadow imp (D:5)
  An orc (D:3)
2 creatures vanquished.

Vanquished Creatures (others)
  6 plants (D:9)
  5 withered plants (D:7)
11 creatures vanquished.

Grand Total: 204 creatures vanquished

Notes
Turn   | Place    | Note
-------+----------+-------------------------------------------
     0 | D:1      | VictoriousLee the Deep Dwarf Necromancer began the quest
                  | for the Orb.
     0 | D:1      | Reached XP level 1. HP: 15/15 MP: 3/3
   260 | D:1      | Reached XP level 2. HP: 16/22 MP: 1/5
   302 | D:1      | Learned a level 1 spell: Animate Skeleton
   497 | D:1      | Found a faded altar of an unknown god.
   518 | D:1      | Reached skill level 5 in Necromancy
   909 | D:1      | Reached XP level 3. HP: 15/28 MP: 2/6
   985 | D:1      | Learned a level 3 spell: Vampiric Draining
  1323 | D:2      | Found an opulent altar of Gozag.
  1538 | D:2      | Reached XP level 4. HP: 27/36 MP: 0/7
  2369 | D:2      | Reached XP level 5. HP: 41/43 MP: 7/9
  2434 | D:2      | Reached skill level 1 in Fighting
  3072 | D:3      | Reached XP level 6. HP: 49/52 MP: 1/10
  3434 | D:3      | Noticed an ice beast
  3892 | D:3      | Killed an ice beast
  3893 | D:3      | Reached XP level 7. HP: 32/62 MP: 0/11
  4120 | D:4      | Noticed Natasha
  4123 | D:4      | Killed Natasha
  4312 | D:4      | Found a staircase to the Ecumenical Temple.
  4321 | Temple   | Entered the Ecumenical Temple
  4400 | Temple   | Became a worshipper of Makhleb the Destroyer
  4493 | D:4      | Noticed Pikel
  4566 | D:4      | Noticed Natasha
  4573 | D:4      | Killed Natasha
  4834 | D:4      | Noticed Dowan
  4834 | D:4      | Noticed Duvessa
  4865 | D:4      | Killed Dowan
  4973 | D:4      | Noticed Natasha
  4974 | D:4      | Killed Duvessa
  5161 | D:4      | Killed Pikel
  5162 | D:4      | Reached skill level 10 in Necromancy
  5162 | D:4      | Reached XP level 8. HP: 41/69 MP: 1/11
  5339 | D:5      | Entered Level 5 of the Dungeon
  5366 | D:5      | Identified the +1 tower shield "Otoad" {Int+4}
  5427 | D:5      | Noticed Ijyb
  5439 | D:5      | Killed Ijyb
  5529 | D:5      | Noticed Menkaure
  5606 | D:5      | Reached skill level 1 in Invocations
  5621 | D:5      | Killed Menkaure
  5938 | D:5      | Found a runed translucent door.
  5939 | D:5      | Noticed Crazy Yiuf
  5947 | D:5      | Killed Crazy Yiuf
  6270 | D:6      | Reached skill level 1 in Axes
  6831 | D:6      | Reached skill level 2 in Axes
  7250 | D:7      | Noticed a hellwing
  7257 | D:7      | Noticed a hellwing
  7315 | D:6      | Reached skill level 5 in Invocations
  7324 | D:6      | Reached skill level 3 in Axes
  7556 | D:7      | Gained mutation: You passively map the area around you.
                  | [Deep Dwarf growth]
  7556 | D:7      | Reached XP level 9. HP: 46/75 MP: 12/12
  7764 | D:6      | Reached skill level 4 in Axes
  8553 | D:8      | Noticed a two-headed ogre
  8555 | D:8      | Reached skill level 5 in Axes
  8592 | D:8      | Killed a two-headed ogre
  8593 | D:8      | Reached skill level 6 in Axes
  9330 | D:8      | Reached * piety under Makhleb
  9452 | D:8      | Found Duja's Magic Scroll Emporium.
  9455 | D:8      | Bought 3 scrolls of identify for 78 gold pieces
  9545 | D:9      | Reached skill level 7 in Axes
  9893 | D:9      | Reached skill level 8 in Axes
 10132 | D:9      | Reached XP level 10. HP: 75/84 MP: 3/14
 10251 | D:9      | Found a staircase to the Lair.
 10402 | D:10     | Entered Level 10 of the Dungeon
 10445 | D:10     | Reached skill level 9 in Axes
 10492 | D:10     | Found a shimmering altar of Xom.
 10494 | D:10     | Found a sparkling altar of Nemelex Xobeh.
 10494 | D:10     | Found a glowing silver altar of Zin.
 10496 | D:10     | Found an opulent altar of Gozag.
 10496 | D:10     | Found a blossoming altar of Fedhas.
 10496 | D:10     | Found a blossoming altar of Fedhas.
 10578 | D:10     | Noticed a two-headed ogre
 11264 | D:10     | Killed a two-headed ogre
 11265 | D:10     | Reached skill level 10 in Axes
 11265 | D:10     | Noticed Sonja
 11274 | D:10     | Killed Sonja
 11275 | D:10     | Reached skill level 11 in Axes
 11853 | D:11     | Reached skill level 12 in Axes
 11985 | D:11     | Found a basalt altar of Yredelemnul.
 11986 | D:11     | Noticed a six-headed hydra
 12065 | D:11     | Killed a six-headed hydra
 12066 | D:11     | Reached XP level 11. HP: 37/90 MP: 3/13
 12212 | D:11     | Reached ** piety under Makhleb
 12239 | D:11     | You fall into a shaft and drop 3 floors!
 12251 | D:14     | Noticed a centaur warrior
 12252 | D:14     | Noticed a centaur warrior
 12264 | D:14     | HP: 3/90 [centaur warrior/arrow (10)]
 12284 | D:14     | Killed a centaur warrior
 12285 | D:14     | Reached skill level 13 in Axes
 12290 | D:14     | Noticed a centaur warrior
 12301 | D:14     | Killed a centaur warrior
 12322 | D:14     | Killed a centaur warrior
 12351 | D:14     | Reached skill level 14 in Axes
 12356 | D:14     | Noticed an eight-headed hydra
 12369 | D:14     | Noticed a centaur warrior
 12370 | D:14     | Noticed Rupert
 12371 | D:14     | Noticed a boulder beetle
 12376 | D:14     | Mangled by Rupert

Illustrated notes

Levels and vault maps discovered:
D:1:      minmay_arrival_solitary_statue, layout_loops_ring,
          basic_ecumenical_altar, st_stairs_14
D:2:      layout_loops_corners, basic_altar
D:3:      cheibrodos_thug_alley, layout_basic, minivault_4
D:4:      layout_cave_pods, temple_statues, wad_floor_pattern_2, abandoned_shop,
          uniq_natasha, uniq_pikel, uniq_duvessa
D:5:      layout_rooms, uniq_crazy_yiuf_cottage, uniq_ijyb, uniq_menkaure
D:6:      layout_basic, serial_bayou_lagoon_a
D:7:      cheibrodos_grave_circle, layout_basic
D:8:      layout_gridville, serial_shops, kennysheep_mini, st_stairs_10
D:9:      layout_rooms, david_lair_shrubbed, grunt_ministairs_5, st_stairs_7
D:10:     layout_roguey, doesnt_xom_only_xom, uniq_sonja
D:11:     layout_basic, orc_0_dummy, corexii_leaking_fountain,
          yredelemnul_altar_generic
D:14:     layout_loops_ring, david_vaults_3, hangedman_decor_opposing,
          st_stairs_4, hangedman_decor_points, onia_ninara_dug_in_and_dangerous
Temple:   dpeg_three_leaves_temple

Skill      XL: |  1  2  3  4  5  6  7  8  9 10 11 |
---------------+----------------------------------+-----
Spellcasting   | 2 3 |  3.0
Necromancy     | 5 6 7 10 | 10.5
Fighting       | 1 3 |  3.3
Dodging        | 3 |  3.0
Invocations    | 5 8 9 |  9.2
Axes           | 3 8 12 14 | 14.0
Stealth        | |  2.4

Action                   |  1- 3 |  4- 6 |  7- 9 | 10-12 || total
-------------------------+-------+-------+-------+-------++-------
Melee: Mace              |     7 |       |       |       ||     7
       Spear             |       |    85 |    67 |       ||   152
       Dagger            |       |     4 |       |       ||     4
       Hand axe          |       |     2 |    56 |    87 ||   145
       Quarterstaff      |       |       |    70 |       ||    70
       War axe           |       |       |       |    23 ||    23
       Whip              |       |       |       |    43 ||    43
 Cast: Pain              |    54 |    57 |    53 |    14 ||   178
       Animate Skeleton  |     1 |     7 |     7 |     5 ||    20
       Vampiric Draining |     6 |    20 |    51 |    34 ||   111
Invok: Minor Destruction |       |       |       |     1 ||     1
 Abil: Heal Wounds       |       |     1 |    12 |    15 ||    28
Evoke: Wand              |       |       |       |    17 ||    17
  Use: Potion            |       |     1 |     6 |     5 ||    12
       Scroll            |       |       |    13 |     4 ||    17
 Stab: Paralysed         |       |       |     3 |       ||     3
       Distracted        |       |       |     1 |       ||     1
       Sleeping          |       |       |     1 |       ||     1
Armor: Robe              |     1 |     6 |       |       ||     7
       Ring mail         |       |       |    87 |   154 ||   241
Dodge: Dodged            |     7 |    53 |   137 |   158 ||   355
Block: Buckler           |       |       |       |    35 ||    35
